| TOP OF THE 1ST |
|
Aberdeen Ironbirds batting - Pitching for Chicago (NYP) White Sox : RHP Derrick Easley
|
|
Pitching: RHP Derrick Easley
|
|
|
Batting: RHB Rudo Garciaparra
|
0-0: Ball 1-0: Swinging Strike 1-1: Swinging Strike 1-2: Strikes out looking
|
|
Batting: RHB Jordan Wallace
|
0-0: Ball 1-0: Ball 2-0: Called Strike 2-1: Foul Ball, location: 2F 2-2: Foul Ball, location: 2F 2-2: Foul Ball, location: 2F 2-2: Ball 3-2: SINGLE (Groundball, 6MD, EV 100.6 MPH)
|
|
Batting: RHB Edwin Ramos
|
0-0: Called Strike 0-1: Ball 1-1: Foul Ball, location: 2F 1-2: Ball 2-2: Strikes out swinging
|
|
Batting: LHB Raul Rojas
|
0-0: Called Strike 0-1: Ball 1-1: Called Strike 1-2: Fielders Choice at 2nd, 6-4 (Groundball, 6, EV 105.0 MPH)
|
| Top of the 1st over - 0 runs, 1 hit, 0 errors, 1 left on base; Aberdeen 0 - Chicago (NYP) 0 |
| BOTTOM OF THE 1ST |
|
Chicago (NYP) White Sox batting - Pitching for Aberdeen Ironbirds : RHP Brian Tarver
|
|
Pitching: RHP Brian Tarver
|
|
|
Batting: RHB Justin Usner
|
0-0: Called Strike 0-1: Ball 1-1: Ball 2-1: Ground out U3 (Groundball, 3, EV 110.0 MPH)
|
|
Batting: RHB Jeremy Hoffert
|
0-0: Ball 1-0: SINGLE (Line Drive, 78M, EV 105.6 MPH)
|
|
Batting: RHB Dusty Ballard
|
0-0: Ball Jeremy Hoffert is caught stealing 2nd base 2-4 1-0: SINGLE (Line Drive, 7S, EV 105.6 MPH)
|
|
Batting: LHB Wes Goscinski
|
0-0: Ball Dusty Ballard steals 2nd base 1-0: Swinging Strike 1-1: Fly out, F7 (Line Drive, 7, EV 85.0 MPH)
|
| Bottom of the 1st over - 0 runs, 2 hits, 0 errors, 1 left on base; Aberdeen 0 - Chicago (NYP) 0 |
| TOP OF THE 2ND |
|
Aberdeen Ironbirds batting - Pitching for Chicago (NYP) White Sox : RHP Derrick Easley
|
|
Batting: SHB Jorge Brito
|
0-0: Called Strike 0-1: Ball 1-1: Swinging Strike 1-2: Strikes out swinging
|
|
Batting: LHB Bill Ostlund
|
0-0: Ball 1-0: Ball 2-0: Ball 3-0: Base on Balls
|
|
Batting: LHB Shane Free
|
0-0: Called Strike 0-1: Ball Bill Ostlund is caught stealing 2nd base 2-6 1-1: Swinging Strike 1-2: Ball 2-2: Ball 3-2: Ground out 6-3 (Groundball, 6M, EV 87.5 MPH)
|
| Top of the 2nd over - 0 runs, 0 hits, 0 errors, 0 left on base; Aberdeen 0 - Chicago (NYP) 0 |
| BOTTOM OF THE 2ND |
|
Chicago (NYP) White Sox batting - Pitching for Aberdeen Ironbirds : RHP Brian Tarver
|
|
Batting: LHB James Groshong
|
0-0: Ball 1-0: SOLO HOME RUN (Flyball, 9D, EV 98.1 MPH), Distance : 392 ft
|
|
Batting: RHB Mitch Cuadros
|
0-0: Called Strike 0-1: Ball 1-1: Called Strike 1-2: Foul Ball, location: 2F 1-2: Ball 2-2: Ball 3-2: Strikes out swinging
|
|
Batting: RHB Bill Mannino
|
0-0: Ground out 6-3 (Groundball, 6, EV 104.4 MPH)
|
|
Batting: SHB Jason Bresnahan
|
0-0: Called Strike 0-1: Foul Ball, location: 2F 0-2: DOUBLE (Line Drive, 9LD, EV 102.5 MPH)
|
|
Batting: RHB David Laureano
|
0-0: Ball 1-0: Foul Ball, location: 2F 1-1: Ball 2-1: Ground out 6-3 (Groundball, 6, EV 77.5 MPH)
|
| Bottom of the 2nd over - 1 run, 2 hits, 0 errors, 1 left on base; Aberdeen 0 - Chicago (NYP) 1 |
| TOP OF THE 3RD |
|
Aberdeen Ironbirds batting - Pitching for Chicago (NYP) White Sox : RHP Derrick Easley
|
|
Batting: RHB Juan Estrada
|
0-0: Ball 1-0: Ball 2-0: Foul Ball, location: 2F 2-1: Foul Ball, location: 2F 2-2: Strikes out swinging
|
|
Batting: SHB Tyler Myatt
|
0-0: Ball 1-0: Ball 2-0: Called Strike 2-1: Swinging Strike 2-2: Ball 3-2: Strikes out swinging
|
|
Batting: RHB Rudo Garciaparra
|
0-0: Ball 1-0: Fly out, F8 (Flyball, 8RD, EV 109.4 MPH)
|
| Top of the 3rd over - 0 runs, 0 hits, 0 errors, 0 left on base; Aberdeen 0 - Chicago (NYP) 1 |
| BOTTOM OF THE 3RD |
|
Chicago (NYP) White Sox batting - Pitching for Aberdeen Ironbirds : RHP Brian Tarver
|
|
Batting: RHB Justin Usner
|
0-0: Called Strike 0-1: Ball 1-1: Swinging Strike 1-2: SINGLE (Line Drive, 4M, EV 100.0 MPH)
|
|
Batting: RHB Jeremy Hoffert
|
0-0: Called Strike 0-1: Ball 1-1: Foul Ball, location: 2F 1-2: Ball 2-2: Ball 3-2: Foul Ball, location: 2F 3-2: SINGLE (Line Drive, 8LM, EV 95.6 MPH) Justin Usner to second
|
|
Batting: RHB Dusty Ballard
|
0-0: Called Strike 0-1: Called Strike 0-2: SINGLE (Line Drive, 6M, EV 99.4 MPH) Justin Usner to third Jeremy Hoffert to second
|
|
Batting: LHB Wes Goscinski
|
0-0: Called Strike 0-1: Swinging Strike 0-2: Ball 1-2: Fly out, F5 (Popup, 5L, EV 68.8 MPH)
|
|
Batting: LHB James Groshong
|
0-0: Ball 1-0: Swinging Strike 1-1: Fly out, F3 (Popup, 3F, EV 61.2 MPH)
|
|
Batting: RHB Mitch Cuadros
|
0-0: Ball 1-0: Called Strike 1-1: Ball 2-1: Ground out 4-3 (Groundball, 34, EV 88.1 MPH)
|
| Bottom of the 3rd over - 0 runs, 3 hits, 0 errors, 3 left on base; Aberdeen 0 - Chicago (NYP) 1 |
| TOP OF THE 4TH |
|
Aberdeen Ironbirds batting - Pitching for Chicago (NYP) White Sox : RHP Derrick Easley
|
|
Batting: RHB Jordan Wallace
|
0-0: Called Strike 0-1: Called Strike 0-2: Ball 1-2: Ball 2-2: Ball 3-2: Foul Ball, location: 2F 3-2: Foul Ball, location: 2F 3-2: Foul Ball, location: 2F 3-2: Fly out, F9 (Flyball, 89M, EV 94.4 MPH)
|
|
Batting: RHB Edwin Ramos
|
0-0: Swinging Strike 0-1: Fly out, F9 (Flyball, 9LM, EV 88.8 MPH)
|
|
Batting: LHB Raul Rojas
|
0-0: Ball 1-0: Called Strike 1-1: Ball 2-1: Foul Ball, location: 2F 2-2: Foul Ball, location: 2F 2-2: Ball 3-2: Fly out, F8 (Flyball, 78D, EV 82.5 MPH)
|
| Top of the 4th over - 0 runs, 0 hits, 0 errors, 0 left on base; Aberdeen 0 - Chicago (NYP) 1 |
| BOTTOM OF THE 4TH |
|
Chicago (NYP) White Sox batting - Pitching for Aberdeen Ironbirds : RHP Brian Tarver
|
|
Batting: RHB Bill Mannino
|
0-0: Ball 1-0: Ball 2-0: Called Strike 2-1: Foul Ball, location: 2F 2-2: Strikes out swinging
|
|
Batting: SHB Jason Bresnahan
|
0-0: Called Strike 0-1: Foul Ball, location: 2F 0-2: Foul Ball, location: 2F 0-2: Ball 1-2: Ground out 6-3 (Groundball, 6S, EV 86.2 MPH)
|
|
Batting: RHB David Laureano
|
0-0: Foul Ball, location: 2F 0-1: Ball 1-1: Ball 2-1: Called Strike 2-2: Ball 3-2: Foul Ball, location: 2F 3-2: Base on Balls
|
|
Batting: RHB Justin Usner
|
0-0: Called Strike 0-1: Fielders Choice at 2nd, 6-4 (Groundball, 6, EV 90.6 MPH)
|
| Bottom of the 4th over - 0 runs, 0 hits, 0 errors, 1 left on base; Aberdeen 0 - Chicago (NYP) 1 |
| TOP OF THE 5TH |
|
Aberdeen Ironbirds batting - Pitching for Chicago (NYP) White Sox : RHP Derrick Easley
|
|
Batting: SHB Jorge Brito
|
0-0: Ball 1-0: Called Strike 1-1: Fly out, F8 (Flyball, 8RD, EV 98.1 MPH)
|
|
Batting: LHB Bill Ostlund
|
0-0: Ball 1-0: Ball 2-0: Ball 3-0: Base on Balls
|
|
Batting: LHB Shane Free
|
0-0: Ball 1-0: Called Strike Bill Ostlund steals 2nd base 1-1: Called Strike 1-2: Ball 2-2: Strikes out looking
|
|
Batting: RHB Juan Estrada
|
0-0: Ball 1-0: Ball 2-0: Called Strike 2-1: Ball 3-1: Foul Ball, location: 2F 3-2: Foul Ball, location: 2F 3-2: Ground out 5-3 (Groundball, 56, EV 87.5 MPH)
|
| Top of the 5th over - 0 runs, 0 hits, 0 errors, 1 left on base; Aberdeen 0 - Chicago (NYP) 1 |
| BOTTOM OF THE 5TH |
|
Chicago (NYP) White Sox batting - Pitching for Aberdeen Ironbirds : RHP Brian Tarver
|
|
Batting: RHB Jeremy Hoffert
|
0-0: Ball 1-0: Ball 2-0: Called Strike 2-1: Swinging Strike 2-2: TRIPLE (Line Drive, 8RXD, EV 105.6 MPH)
|
|
Batting: RHB Dusty Ballard
|
0-0: Ball Wild Pitch! Jeremy Hoffert scores 1-0: Ball 2-0: Ball 3-0: Called Strike 3-1: Foul Ball, location: 2F 3-2: Fly out, F9 (Flyball, 9D, EV 100.0 MPH)
|
|
Batting: LHB Wes Goscinski
|
0-0: Ball 1-0: Called Strike 1-1: Ball 2-1: Called Strike 2-2: Foul Ball, location: 2F 2-2: Strikes out swinging
|
|
Batting: LHB James Groshong
|
0-0: Called Strike 0-1: Ball 1-1: Called Strike 1-2: Ball 2-2: Foul Ball, location: 2F 2-2: Fly out, F6 (Flyball, 6D, EV 93.1 MPH)
|
| Bottom of the 5th over - 1 run, 1 hit, 0 errors, 0 left on base; Aberdeen 0 - Chicago (NYP) 2 |
| TOP OF THE 6TH |
|
Aberdeen Ironbirds batting - Pitching for Chicago (NYP) White Sox : RHP Derrick Easley
|
|
Pitching: LHP Yusufu Mustafa
|
|
|
Batting: SHB Tyler Myatt
|
0-0: Swinging Strike 0-1: Called Strike 0-2: Ball 1-2: Strikes out swinging
|
|
Batting: RHB Rudo Garciaparra
|
0-0: Ball 1-0: Foul Ball, location: 2F 1-1: Ball 2-1: Ball 3-1: Base on Balls
|
|
Batting: RHB Jordan Wallace
|
0-0: Called Strike Rudo Garciaparra steals 2nd base Balk! Rudo Garciaparra to third 0-1: Ball 1-1: Foul Ball, location: 2F 1-2: Fly out, F9 (Flyball, 9S, EV 81.2 MPH)
|
|
Batting: RHB Edwin Ramos
|
0-0: Ball 1-0: Called Strike 1-1: Called Strike 1-2: Strikes out looking
|
| Top of the 6th over - 0 runs, 0 hits, 0 errors, 1 left on base; Aberdeen 0 - Chicago (NYP) 2 |
| BOTTOM OF THE 6TH |
|
Chicago (NYP) White Sox batting - Pitching for Aberdeen Ironbirds : RHP Brian Tarver
|
|
Pitching: LHP Roger Farley
|
|
|
Batting: RHB Mitch Cuadros
|
0-0: Ball 1-0: Ground out 5-3 (Groundball, 56, EV 105.6 MPH)
|
|
Batting: RHB Bill Mannino
|
0-0: Called Strike 0-1: Foul Ball, location: 2F 0-2: Ball 1-2: Fly out, F9 (Flyball, 9D, EV 75.6 MPH)
|
|
Batting: SHB Jason Bresnahan
|
0-0: Ground out 3-1 (Groundball, 34, EV 85.0 MPH)
|
| Bottom of the 6th over - 0 runs, 0 hits, 0 errors, 0 left on base; Aberdeen 0 - Chicago (NYP) 2 |
| TOP OF THE 7TH |
|
Aberdeen Ironbirds batting - Pitching for Chicago (NYP) White Sox : LHP Yusufu Mustafa
|
|
Pitching: RHP Ian Savary
|
|
|
Batting: LHB Raul Rojas
|
0-0: Fly out, F8 (Line Drive, 8RM, EV 107.5 MPH)
|
|
Batting: SHB Jorge Brito
|
0-0: Called Strike 0-1: Swinging Strike 0-2: Foul Ball, location: 2F 0-2: Ball 1-2: Ball 2-2: Foul Ball, location: 2F 2-2: Ground out 4-3 (Groundball, 4M, EV 85.0 MPH)
|
|
Batting: LHB Bill Ostlund
|
0-0: Called Strike 0-1: Called Strike 0-2: Ball 1-2: Strikes out swinging
|
| Top of the 7th over - 0 runs, 0 hits, 0 errors, 0 left on base; Aberdeen 0 - Chicago (NYP) 2 |
| BOTTOM OF THE 7TH |
|
Chicago (NYP) White Sox batting - Pitching for Aberdeen Ironbirds : LHP Roger Farley
|
|
Batting: RHB David Laureano
|
0-0: Ground out 4-3 (Groundball, 4, EV 100.0 MPH)
|
|
Batting: RHB Justin Usner
|
0-0: Swinging Strike 0-1: Ground out 4-3 (Groundball, 4, EV 81.2 MPH)
|
|
Batting: RHB Jeremy Hoffert
|
0-0: Called Strike 0-1: Ball 1-1: Foul Ball, location: 2F 1-2: Foul Ball, location: 2F 1-2: Ball 2-2: Fly out, F7 (Flyball, 7S, EV 90.6 MPH)
|
| Bottom of the 7th over - 0 runs, 0 hits, 0 errors, 0 left on base; Aberdeen 0 - Chicago (NYP) 2 |
| TOP OF THE 8TH |
|
Aberdeen Ironbirds batting - Pitching for Chicago (NYP) White Sox : RHP Ian Savary
|
|
Batting: LHB Shane Free
|
0-0: Swinging Strike 0-1: Ball 1-1: Ball 2-1: Swinging Strike 2-2: Ball 3-2: Strikes out swinging
|
|
Pinch Hitting: LHB David Best
|
0-0: Called Strike 0-1: Ball 1-1: Ball 2-1: Called Strike 2-2: Ball 3-2: Base on Balls
|
|
Batting: SHB Tyler Myatt
|
0-0: Called Strike 0-1: Ball 1-1: Ball 2-1: Ball 3-1: Ground out 4-3 (Groundball, 34D, EV 101.9 MPH) David Best to second
|
|
Batting: RHB Rudo Garciaparra
|
0-0: Ball 1-0: Ball 2-0: Ball 3-0: Called Strike 3-1: Foul Ball, location: 2F 3-2: Foul Ball, location: 2F 3-2: TRIPLE (Groundball, 3L, EV 108.8 MPH) David Best scores
|
|
Batting: RHB Jordan Wallace
|
0-0: Foul Ball, location: 2F 0-1: Ball 1-1: SINGLE (Groundball, 34, EV 101.9 MPH) Rudo Garciaparra scores
|
|
Pitching: RHP Jose Vigil
|
|
|
Batting: LHB Tim Mulholland
|
0-0: Called Strike 0-1: Fielders Choice at 2nd, 5-4 (Groundball, 5, EV 88.1 MPH)
|
| Top of the 8th over - 2 runs, 2 hits, 0 errors, 1 left on base; Aberdeen 2 - Chicago (NYP) 2 |
| BOTTOM OF THE 8TH |
|
Chicago (NYP) White Sox batting - Pitching for Aberdeen Ironbirds : LHP Roger Farley
|
|
Now in LF: Jordan Wallace
|
|
|
Now in CF: Hunter Neumann
|
|
|
Batting: RHB Dusty Ballard
|
0-0: Called Strike 0-1: Foul Ball, location: 2F 0-2: Ball 1-2: Fly out, F7 (Flyball, 78M, EV 88.8 MPH)
|
|
Pinch Hitting: RHB Daniel Underhay
|
0-0: Called Strike 0-1: Ball 1-1: Ball 2-1: Called Strike 2-2: Foul Ball, location: 2F 2-2: Ball 3-2: Strikes out swinging
|
|
Pinch Hitting: RHB Pat Pemberton
|
0-0: Ball 1-0: Called Strike 1-1: Ball 2-1: SINGLE (Groundball, 56D, EV 105.6 MPH)
|
|
Batting: RHB Mitch Cuadros
|
0-0: Swinging Strike 0-1: Ball 1-1: Ball 2-1: Swinging Strike 2-2: Ground out U3 (Groundball, 3L, EV 85.0 MPH)
|
| Bottom of the 8th over - 0 runs, 1 hit, 0 errors, 1 left on base; Aberdeen 2 - Chicago (NYP) 2 |
| TOP OF THE 9TH |
|
Aberdeen Ironbirds batting - Pitching for Chicago (NYP) White Sox : RHP Jose Vigil
|
|
Pitching: LHP Steven Wolf
|
|
|
Now at 1B: Daniel Underhay
|
|
|
Now in RF: Emil Wilbrink
|
|
|
Batting: LHB Raul Rojas
|
0-0: Ball 1-0: Swinging Strike 1-1: Swinging Strike 1-2: Ball 2-2: Foul Ball, location: 2F 2-2: Strikes out swinging
|
|
Batting: SHB Jorge Brito
|
0-0: Ball 1-0: Foul Ball, location: 2F 1-1: Foul Ball, location: 2F 1-2: Ground out 6-3 (Groundball, 6, EV 83.8 MPH)
|
|
Batting: LHB Bill Ostlund
|
0-0: Called Strike 0-1: Ball 1-1: Ball 2-1: Ball 3-1: Foul Ball, location: 2F 3-2: Strikes out swinging
|
| Top of the 9th over - 0 runs, 0 hits, 0 errors, 0 left on base; Aberdeen 2 - Chicago (NYP) 2 |
| BOTTOM OF THE 9TH |
|
Chicago (NYP) White Sox batting - Pitching for Aberdeen Ironbirds : LHP Roger Farley
|
|
Pitching: RHP Toshiyuki Funaki
|
|
|
Pinch Hitting: LHB Ray Walden
|
0-0: Ball 1-0: Foul Ball, location: 2F 1-1: Ball 2-1: Foul Ball, location: 2F 2-2: SOLO HOME RUN (Flyball, 89XD, EV 111.9 MPH), Distance : 432 ft
|
| Bottom of the 9th over - 1 run, 1 hit, 0 errors, 0 left on base; Aberdeen 2 - Chicago (NYP) 3 |
| |
|
Game Over ... Chicago (NYP) defeats Aberdeen, 3 to 2
|
|
|